 Dungeon Crawl Stone Soup version 0.24-a0-282-g1a68c911f0 (webtiles) character file.

Game seed: 4907691965527065700

46 HAL9000 the Sneak (level 3, -1/18 HPs)
             Began as a Vine Stalker Assassin on May 3, 2019.
             Slain by a gnoll
             ... wielding a +0 spear
              (9 damage)
             ... on level 1 of the Dungeon.
             The game lasted 00:01:47 (1353 turns).

HAL9000 the Sneak (Vine Stalker Assassin)           Turns: 1353, Time: 00:01:47

Health: -1/18      AC:  3    Str: 14    XL:     3   Next: 68%
Magic:  0/4        EV: 11    Int: 11    God:
Gold:   72         SH:  0    Dex: 15    Spells: 2/2 levels left

rFire    . . .     SeeInvis .   a - +2 dagger
rCold    . . .     Gourm    .   (no shield)
rNeg     . . .     Faith    .   c - +0 robe
rPois    .         Spirit   +   (no helmet)
rElec    .         Reflect  .   d - +0 cloak
rCorr    .         Harm     .   (no gloves)
MR       .....                  (no boots)
Stlth    +++.......             (no amulet)
HPRegen  0.06/turn              (no ring)
MPRegen  0.09/turn              (no ring)

@: no status effects
A: fangs 2, magic shield, antimagic bite, no potion heal 3, rot immunity
a: no special abilities


You were on level 1 of the Dungeon.
You were not hungry.

You visited 1 branch of the dungeon, and saw 2 of its levels.

You collected 72 gold pieces.

Inventory:

Hand Weapons
 a - a +2 dagger (weapon)
 b - a +0 blowgun
Missiles
 e - 19 poisoned needles
 f - 2 curare-tipped needles
Armour
 c - a +0 robe (worn)
 d - a +0 cloak (worn)
Jewellery
 i - an uncursed ring of see invisible {unknown}
Scrolls
 h - a scroll of enchant weapon {unknown}
 l - a scroll of identify {unknown}
Potions
 j - 3 potions of heal wounds {unknown}
 k - a potion of cancellation {unknown}
 m - a potion of degeneration {unknown}
 n - a potion of mutation {unknown}
 o - a potion of haste {unknown}
 p - a potion of curing {unknown}
Comestibles
 g - 2 rations


   Skills:
 - Level 1.7 Fighting
 + Level 2.2 Short Blades
 - Level 1.7 Throwing
 - Level 0.7 Dodging
 + Level 6.3 Stealth


You had 2 spell levels left.
You didn't know any spells.
Your spell library was empty.

Dungeon Overview and Level Annotations

Branches:
Dungeon (2/15)

Altars:


Innate Abilities, Weirdness & Mutations

You have extremely sharp teeth.
When hurt, damage is shared between your health and your magic reserves.
Your bite disrupts and absorbs the magic of your enemies.
Potions cannot restore your health.
You are immune to rotting.


Message History

You climb upwards.
There is a stone staircase leading down here.
Unknown command.
You closely miss the gnoll. Your bite misses the gnoll.
The gnoll completely misses you.
You hit the gnoll but do no damage. The gnoll hits you with a +0 spear.
You hit the gnoll.
The gnoll is lightly wounded.
The gnoll hits you with a +0 spear.
You hit the gnoll. Your bite misses the gnoll.
The gnoll is heavily wounded.
The gnoll hits you with a +0 spear.
You completely miss the gnoll. Your bite misses the gnoll.
The gnoll is heavily wounded.
The gnoll barely misses you.
You hit the gnoll.
The gnoll is heavily wounded.
The gnoll hits you with a +0 spear!
Ouch! That really hurt!
You die...

#.#.....#.#### #.# #########
###.....####.###.######.......#
#.#.#...# #............#####.#
#.#.##..# ####...####### #.#
#.......# #.....# #.#
###.######## ##...## #.#
#.####...# ##.## #.# #......#.#
#.# #.# ######...# #@# ####.#
##.## ##g## #....# #.# ##...##
#....# ####.# ##.....## #...##
##.##.###.......## ##..##
#####...#.##...(.....####...##
...........'.........+.......#
###.......##.........####...##
#.##.######.......######..#####


You could see a gnoll.

Vanquished Creatures
  An adder (D:2)
  A leopard gecko (D:1)
  2 ball pythons (D:1)
  5 bats
  2 giant cockroaches (D:2)
  6 goblins
  3 hobgoblins (D:2)
  2 jackals (D:1)
  3 kobolds
  A quokka (D:2)
  3 frilled lizards
  4 rats
33 creatures vanquished.

Notes
Turn   | Place    | Note
-------+----------+-------------------------------------------
     0 | D:1      | HAL9000 the Vine Stalker Assassin began the quest for the
                  | Orb.
     0 | D:1      | Reached XP level 1. HP: 11/11 MP: 2/2
    43 | D:1      | Reached skill level 5 in Stealth
    88 | D:1      | Reached XP level 2. HP: 11/15 MP: 1/3
   873 | D:1      | Reached XP level 3. HP: 13/18 MP: 4/4
   979 | D:2      | Reached skill level 6 in Stealth
  1353 | D:1      | Slain by a gnoll

Levels and vault maps discovered:
D:1:      enne_arrival_octagon_isle, layout_loops_corners
D:2:      layout_rooms

Skill      XL: |  1  2  3 |
---------------+----------+-----
Stealth        | 5 6 |  6.3
Short Blades   | 2 |  2.2
Fighting       | |  1.7
Throwing       | |  1.7
Dodging        | |  0.7

Action                   || total
-------------------------++-------
Melee: Dagger            ||    84
       Bite              ||    15
 Stab: Sleeping          ||    15
  Eat: Chunk             ||     1
Armor: Robe              ||    26
Dodge: Dodged            ||    50

Table legend:
 A = Non-vault XP
 B = Vault XP
 C = Vault XP percentage of total XP
 D = Non-vault monster count
 E = Vault monster count
 F = Vault count percentage of total count
                 A         B        C        D         E       F
            +---------+---------+-------+---------+---------+-------
      Total |      67 |       0 |   0.0 |      33 |       0 |   0.0
            +---------+---------+-------+---------+---------+-------
        D:1 |      26 |       0 |   0.0 |      15 |       0 |   0.0
        D:2 |      41 |       0 |   0.0 |      18 |       0 |   0.0
            +---------+---------+-------+---------+---------+-------
